 Dungeon Crawl Stone Soup version 0.27-a0-590-g94244163b4 (webtiles) character file.

Game seed: 13786354885102980334

37 sanka the Sneak (level 3, -5/19 HPs)
             Began as a Vampire Enchanter on Mar 10, 2021.
             Killed from afar by Sigmund (8 damage)
             ... with a magic dart
             ... on level 2 of the Dungeon.
             The game lasted 00:01:40 (1065 turns).

sanka the Sneak (Vampire Enchanter)                 Turns: 1065, Time: 00:01:41

Health: -5/19      AC:  2    Str:  7    XL:     3   Next: 21%
Magic:  2/6        EV: 12    Int: 17    God:
Gold:   112        SH:  0    Dex: 15    Spells: 3/6 levels left

rFire    . . .     SeeInvis +   a - +1 dagger
rCold    + + .     Faith    .   (no shield)
rNeg     + + +     Spirit   .   b - +0 robe
rPois    ∞         Reflect  .   (no helmet)
rElec    .         Harm     .   (no cloak)
rCorr    .         Rampage  .   (no gloves)
Will     .....                  (no boots)
Stlth    +++++.....             (no amulet)
HPRegen  0.00/turn              (no ring)
MPRegen  0.10/turn              (no ring)

@: bloodless
A: fangs 3, see invisible, unbreathing 1
a: Bat Form, Revivify


You were on level 2 of the Dungeon.
You visited 1 branch of the dungeon, and saw 2 of its levels.

You collected 112 gold pieces.


Innate Abilities, Weirdness & Mutations

You do not regenerate when monsters are visible.
You are frail without blood (-20% HP).
You can heal yourself when you bite living creatures.
You are immune to poison.
You have razor-sharp teeth.
You have supernaturally acute eyesight. (SInv)
You can survive without breathing.


   Skills:
 - Level 1.1 Short Blades
 - Level 2.1 Dodging
 + Level 6.7 Stealth
 - Level 2.0 Spellcasting
 - Level 4.4 Hexes


You had 3 spell levels left.
You knew the following spells:

 Your Spells              Type           Power      Damage    Failure   Level
z - Ensorcelled Hibernat  Hex/Ice        18%        N/A       12%         2
Z - Corona                Hex            17%        N/A       3%          1

Your spell library contained the following spells:

 Spells                   Type           Power      Damage    Failure   Level
 Confusing Touch          Hex            16%        N/A       10%         3
 Tukima's Dance           Hex            16%        N/A       10%         3
 Dazzling Flash           Conj/Hex       18%        N/A       24%         3

Inventory:

Hand Weapons
 a - a +1 dagger (weapon)
Armour
 b - a +0 robe (worn)
Scrolls
 c - a scroll of enchant weapon {unknown}
 d - a scroll of blinking {unknown}
 e - 2 scrolls of identify {unknown}
Potions
 f - 3 potions of brilliance {unknown}

Dungeon Overview and Level Annotations

Branches:
Dungeon (2/15)

Altars:

Annotations:
D:2 Sigmund

▒..▒▒'▒▒ ▒▒ ▒.....▒
.. ▒▒.▒▒▒▒ ▒. ▒.▒
▒▒▒▒▒ ▒▒▒▒> ▒.▒ ▒...
▒.... ▒.▒▒▒▒.▒▒▒
▒.▒.▒.. ▒........▒
▒......▒▒▒▒▒..▒.....▒
▒..@..V..▒▒▒...▒▒
▒▒▒▒▒▒▒▒..▒.▒(.▒
▒.▒.▒▒......▒
▒.▒▒▒▒▒(.....▒ ▒.▒
▒▒▒▒▒.▒ ... ▒ ...
.... .....


You could see Sigmund.


Message History

You are no longer poisoned.
Unknown command.
You start resting.
Magic restored.
HP restored.
Use which ability? (? or * to list) Now bloodless.
Sigmund shouts!
Sigmund hits you from afar with a +0 scythe.
Found a stone staircase leading down.
Aiming: Ensorcelled Hibernation (safe; 12% risk of failure)
Aim: Sigmund, wielding a +0 scythe, wearing a +0 robe and carrying a wand of flame (13) (chance to affect: 50%) Sigmund resists with some effort.
Sigmund zaps a wand.
The puff of flame hits you!
* * * LOW HITPOINT WARNING * * *
Aiming: Ensorcelled Hibernation (safe; 12% risk of failure)
Aim: Sigmund, wielding a +0 scythe, wearing a +0 robe and carrying a wand of flame (12) (chance to affect: 50%) Sigmund looks drowsy...
The helpless Sigmund fails to defend himself.
You bite Sigmund, and draw his blood! You impale Sigmund!!
Sigmund is almost dead.
Sigmund zaps a wand.
The puff of flame hits you!
* * * LOW HITPOINT WARNING * * *
Sigmund hits you but does no damage. Sigmund gestures at you while chanting.
The magic dart hits you!
You die...

Action                   || total
-------------------------++-------
Melee: Dagger            ||    99
       Bite              ||    10
 Cast: Ensorcelled Hiber ||     3
 Abil: Exsanguinate      ||     1
 Stab: Sleeping          ||    10
Armor: Robe              ||    22
Dodge: Dodged            ||    76

Levels and vault maps discovered:
D:1:      kennysheep_arrival_forest, layout_basic
D:2:      layout_loops_cross, minmay_misc_feat_nine_boxes, grunt_ministairs_7,
          nicolae_gozag_cash_rules_everything_around_me, uniq_sigmund,
          uniq_natasha

Notes
Turn   | Place    | Note
-------+----------+-------------------------------------------
     0 | D:1      | sanka the Vampire Enchanter began the quest for the Orb.
     0 | D:1      | Reached XP level 1. HP: 13/13 MP: 3/3
   173 | D:1      | Reached skill level 5 in Stealth
   200 | D:1      | Reached XP level 2. HP: 19/19 MP: 5/5
   505 | D:1      | Reached skill level 6 in Stealth
   667 | D:1      | Learned a level 2 spell: Ensorcelled Hibernation
  1003 | D:2      | Noticed Sigmund
  1014 | D:2      | Reached XP level 3. HP: 18/24 MP: 3/6
  1065 | D:2      | Killed from afar by Sigmund

Vanquished Creatures
  An adder (D:2)
  A dart slug (D:1)
  A giant cockroach (D:1)
  2 goblins (D:1)
  5 hobgoblins (D:1)
  A quokka (D:2)
  3 bats (D:1)
  2 frilled lizards (D:1)
  5 kobolds
  5 rats
26 creatures vanquished.
